TOP OF THE 1ST |
Clinton LumberKings batting - Pitching for Greenville Drive : LHP Francisco Lucero
|
Pitching: LHP Francisco Lucero
|
|
Batting: RHB Rick Ellis
|
0-0: Ball 1-0: Ball 2-0: Reached on error, E3 (Groundball, 34, EV 84.4 MPH)
|
Batting: SHB Jose Castillo
|
0-0: Called Strike Rick Ellis is caught stealing 2nd base 2-4 0-1: Swinging Strike 0-2: Foul Ball, location: 2F 0-2: Strikes out swinging
|
Batting: LHB Jason Hopkins
|
0-0: Called Strike 0-1: Ball 1-1: Ball 2-1: Ball 3-1: Swinging Strike 3-2: Fly out, F5 (Popup, 56S, EV 72.5 MPH)
|
Top of the 1st over - 0 runs, 0 hits, 1 error, 0 left on base; Clinton 0 - Greenville 0 |
BOTTOM OF THE 1ST |
Greenville Drive batting - Pitching for Clinton LumberKings : LHP Chan-u Lee
|
Pitching: LHP Chan-u Lee
|
|
Batting: RHB John Chiesa
|
0-0: Called Strike 0-1: Ground out 6-3 (Groundball, 6M, EV 81.2 MPH)
|
Batting: RHB Guillermo Quintero
|
0-0: Called Strike 0-1: Ball 1-1: Called Strike 1-2: Foul Ball, location: 2F 1-2: Foul Ball, location: 2F 1-2: Ball 2-2: Ground out 5-3 (Groundball, 56S, EV 80.6 MPH)
|
Batting: RHB Mike Cavagnaro
|
0-0: Called Strike 0-1: Foul Ball, location: 2F 0-2: Ball 1-2: Ball 2-2: Foul Ball, location: 2F 2-2: Foul Ball, location: 2F 2-2: Foul Ball, location: 2F 2-2: Ball 3-2: Foul Ball, location: 2F 3-2: Ground out 5-3 (Groundball, 56S, EV 78.8 MPH)
|
Bottom of the 1st over - 0 runs, 0 hits, 0 errors, 0 left on base; Clinton 0 - Greenville 0 |
TOP OF THE 2ND |
Clinton LumberKings batting - Pitching for Greenville Drive : LHP Francisco Lucero
|
Batting: RHB Josh Ruhl
|
0-0: Ball 1-0: SINGLE (Line Drive, 6D, EV 100.6 MPH)
|
Batting: RHB Josh O'Neal
|
0-0: Called Strike 0-1: Fielders Choice at 2nd, 2-4 (Groundball, 2L, EV 61.9 MPH)
|
Batting: LHB William Warren
|
0-0: Ball 1-0: Foul Ball, location: 2F 1-1: Foul Ball, location: 2F 1-2: Ball 2-2: DOUBLE (Line Drive, 78M, EV 96.9 MPH) Josh O'Neal to third
|
Batting: RHB Emmanuel Thomas
|
0-0: Called Strike 0-1: Swinging Strike 0-2: Ball 1-2: Foul Ball, location: 2F 1-2: Foul Ball, location: 2F 1-2: Ball 2-2: Ball 3-2: Base on Balls
|
Batting: SHB Victor Rijos
|
0-0: Ball 1-0: Ball 2-0: Ball 3-0: Foul Ball, location: 2F 3-1: Foul Ball, location: 2F 3-2: Foul Ball, location: 2F 3-2: Strikes out swinging
|
Batting: LHB Brian Butler
|
0-0: Ball 1-0: Ball 2-0: Called Strike 2-1: DOUBLE (Flyball, 89D, EV 98.1 MPH) Josh O'Neal scores William Warren scores Emmanuel Thomas to third
|
Batting: RHB Rick Ellis
|
0-0: Ball 1-0: Swinging Strike 1-1: Fly out, F9 (Flyball, 9LS, EV 73.8 MPH)
|
Top of the 2nd over - 2 runs, 3 hits, 0 errors, 2 left on base; Clinton 2 - Greenville 0 |
BOTTOM OF THE 2ND |
Greenville Drive batting - Pitching for Clinton LumberKings : LHP Chan-u Lee
|
Batting: RHB Adugna Chandu
|
0-0: Called Strike 0-1: Ball 1-1: Swinging Strike 1-2: Strikes out looking
|
Batting: RHB Jose Diaz
|
0-0: Swinging Strike 0-1: Foul Ball, location: 2F 0-2: Strikes out looking
|
Batting: RHB Tommy Boudreaux
|
0-0: Ball 1-0: Ball 2-0: Swinging Strike 2-1: Ball 3-1: Swinging Strike 3-2: Base on Balls
|
Batting: LHB Jarrett Mordecai
|
0-0: Called Strike 0-1: Foul Ball, location: 2F 0-2: Fly out, F8 (Flyball, 8RD, EV 101.9 MPH)
|
Bottom of the 2nd over - 0 runs, 0 hits, 0 errors, 1 left on base; Clinton 2 - Greenville 0 |
TOP OF THE 3RD |
Clinton LumberKings batting - Pitching for Greenville Drive : LHP Francisco Lucero
|
Batting: SHB Jose Castillo
|
0-0: SOLO HOME RUN (Flyball, 7D, EV 99.4 MPH), Distance : 406 ft
|
Batting: LHB Jason Hopkins
|
0-0: Ball 1-0: Foul Ball, location: 2F 1-1: Ball 2-1: Ball 3-1: Base on Balls
|
Batting: RHB Josh Ruhl
|
0-0: Called Strike 0-1: Foul Ball, location: 2F 0-2: SINGLE (Groundball, 6MD, EV 101.2 MPH) Jason Hopkins to second Runner from 2nd tries for 3rd, SAFE, throw by CF made to third
|
Batting: RHB Josh O'Neal
|
0-0: Called Strike 0-1: Swinging Strike 0-2: DOUBLE (Line Drive, 9LS, EV 106.9 MPH) Jason Hopkins scores Josh Ruhl to third Runner from 3rd tries for Home, throw by RF and OUT! 9-4-2
|
Batting: LHB William Warren
|
0-0: Called Strike 0-1: Ball 1-1: 2-RUN HOME RUN (Flyball, 9D, EV 101.2 MPH), Distance : 403 ft
|
Pitching: RHP Perry Mills
|
|
Batting: RHB Emmanuel Thomas
|
0-0: Ball 1-0: SINGLE (Groundball, 23, EV 62.5 MPH) (infield hit)
|
Batting: SHB Victor Rijos
|
0-0: Called Strike 0-1: Called Strike 0-2: Ball 1-2: Ball 2-2: Foul Ball, location: 2F 2-2: Strikes out looking
|
Batting: LHB Brian Butler
|
0-0: Swinging Strike 0-1: Ball 1-1: Foul Ball, location: 2F 1-2: Strikes out looking
|
Top of the 3rd over - 4 runs, 5 hits, 0 errors, 1 left on base; Clinton 6 - Greenville 0 |
BOTTOM OF THE 3RD |
Greenville Drive batting - Pitching for Clinton LumberKings : LHP Chan-u Lee
|
Batting: LHB Parker Lowe
|
0-0: Ball 1-0: Ball 2-0: Ball 3-0: Called Strike 3-1: Base on Balls
|
Batting: RHB Erik Nunez
|
0-0: Called Strike 0-1: Grounds into double play, 4-6-3 (Groundball, 34, EV 91.2 MPH)
|
Batting: RHB John Chiesa
|
0-0: Called Strike 0-1: Called Strike 0-2: Ball 1-2: Strikes out looking
|
Bottom of the 3rd over - 0 runs, 0 hits, 0 errors, 0 left on base; Clinton 6 - Greenville 0 |
TOP OF THE 4TH |
Clinton LumberKings batting - Pitching for Greenville Drive : RHP Perry Mills
|
Batting: RHB Rick Ellis
|
0-0: Ball 1-0: Called Strike 1-1: Ball 2-1: Ball 3-1: Base on Balls
|
Batting: SHB Jose Castillo
|
0-0: Called Strike 0-1: Ball 1-1: Ball 2-1: Called Strike 2-2: Fielders Choice at 2nd, 4-6 (Groundball, 4, EV 88.8 MPH)
|
Batting: LHB Jason Hopkins
|
0-0: Foul Ball, location: 2F 0-1: Ball Jose Castillo steals 2nd base 1-1: Ball 2-1: Called Strike 2-2: Ball 3-2: SINGLE (Groundball, 4S, EV 97.5 MPH) Jose Castillo to third Runner from 3rd tries for Home, SAFE, throw by RF to home
|
Pitching: LHP Jason Kell
|
|
Batting: RHB Josh Ruhl
|
0-0: Ball 1-0: Foul Ball, location: 2F 1-1: Called Strike 1-2: Fly out, F8 (Flyball, 8LXD, EV 91.9 MPH)
|
Batting: RHB Josh O'Neal
|
0-0: Ball 1-0: Ball 2-0: Called Strike 2-1: Ground out 3-1 (Groundball, 34, EV 103.1 MPH)
|
Top of the 4th over - 1 run, 1 hit, 0 errors, 1 left on base; Clinton 7 - Greenville 0 |
BOTTOM OF THE 4TH |
Greenville Drive batting - Pitching for Clinton LumberKings : LHP Chan-u Lee
|
Batting: RHB Guillermo Quintero
|
0-0: Ball 1-0: Ball 2-0: Foul Ball, location: 2F 2-1: Ball 3-1: Swinging Strike 3-2: Ground out 6-3 (Groundball, 6, EV 83.8 MPH)
|
Batting: RHB Mike Cavagnaro
|
0-0: Ball 1-0: Swinging Strike 1-1: Foul Ball, location: 2F 1-2: Foul Ball, location: 2F 1-2: Strikes out swinging
|
Batting: RHB Adugna Chandu
|
0-0: Ball 1-0: Called Strike 1-1: Called Strike 1-2: Strikes out swinging
|
Bottom of the 4th over - 0 runs, 0 hits, 0 errors, 0 left on base; Clinton 7 - Greenville 0 |
TOP OF THE 5TH |
Clinton LumberKings batting - Pitching for Greenville Drive : LHP Jason Kell
|
Batting: LHB William Warren
|
0-0: Ball 1-0: Ball 2-0: Ball 3-0: Base on Balls
|
Batting: RHB Emmanuel Thomas
|
0-0: Ball 1-0: Fly out, F8 (Flyball, 8RM, EV 92.5 MPH)
|
Batting: SHB Victor Rijos
|
0-0: Swinging Strike 0-1: Swinging Strike 0-2: Ball 1-2: Ball 2-2: Fielders Choice at 2nd, 1-6 (Groundball, 23, EV 68.1 MPH)
|
Batting: LHB Brian Butler
|
0-0: Ball 1-0: Ground out U3 (Groundball, 34S, EV 84.4 MPH)
|
Top of the 5th over - 0 runs, 0 hits, 0 errors, 1 left on base; Clinton 7 - Greenville 0 |
BOTTOM OF THE 5TH |
Greenville Drive batting - Pitching for Clinton LumberKings : LHP Chan-u Lee
|
Batting: RHB Jose Diaz
|
0-0: Called Strike 0-1: Swinging Strike 0-2: Foul Ball, location: 2F 0-2: Ball 1-2: Strikes out swinging
|
Batting: RHB Tommy Boudreaux
|
0-0: Ball 1-0: Foul Ball, location: 2F 1-1: Ground out 5-3 (Groundball, 56D, EV 103.8 MPH)
|
Batting: LHB Jarrett Mordecai
|
0-0: Reached on error, E8 (Flyball, 8RS, EV 86.9 MPH)
|
Batting: LHB Parker Lowe
|
0-0: Called Strike 0-1: Ball 1-1: Foul Ball, location: 2F 1-2: Foul Ball, location: 2F 1-2: Ball 2-2: Fly out, F9 (Flyball, 89M, EV 84.4 MPH)
|
Bottom of the 5th over - 0 runs, 0 hits, 1 error, 1 left on base; Clinton 7 - Greenville 0 |
TOP OF THE 6TH |
Clinton LumberKings batting - Pitching for Greenville Drive : LHP Jason Kell
|
Batting: RHB Rick Ellis
|
0-0: Called Strike 0-1: Foul Ball, location: 2F 0-2: Ball 1-2: Strikes out swinging
|
Batting: SHB Jose Castillo
|
0-0: Ball 1-0: SINGLE (Groundball, 4D, EV 95.0 MPH)
|
Batting: LHB Jason Hopkins
|
0-0: Ball 1-0: Foul Ball, location: 2F 1-1: Foul Ball, location: 2F 1-2: Ball 2-2: Ball 3-2: Fly out, F9 (Flyball, 9S, EV 89.4 MPH)
|
Batting: RHB Josh Ruhl
|
0-0: Called Strike 0-1: Foul Ball, location: 2F 0-2: Ball Jose Castillo is caught stealing 2nd base 2-4
|
Top of the 6th over - 0 runs, 1 hit, 0 errors, 0 left on base; Clinton 7 - Greenville 0 |
BOTTOM OF THE 6TH |
Greenville Drive batting - Pitching for Clinton LumberKings : LHP Chan-u Lee
|
Batting: RHB Erik Nunez
|
0-0: Ball 1-0: Fly out, F4 (Popup, 4, EV 78.1 MPH)
|
Batting: RHB John Chiesa
|
0-0: Ball 1-0: Swinging Strike 1-1: Called Strike 1-2: Foul Ball, location: 2F 1-2: Foul Ball, location: 2F 1-2: Strikes out swinging
|
Batting: RHB Guillermo Quintero
|
0-0: Ball 1-0: Called Strike 1-1: Swinging Strike 1-2: Foul Ball, location: 2F 1-2: Ball 2-2: Fly out, F9 (Flyball, 9LS, EV 88.8 MPH)
|
Bottom of the 6th over - 0 runs, 0 hits, 0 errors, 0 left on base; Clinton 7 - Greenville 0 |
TOP OF THE 7TH |
Clinton LumberKings batting - Pitching for Greenville Drive : LHP Jason Kell
|
Batting: RHB Josh Ruhl
|
0-0: Ground out 6-3 (Groundball, 56, EV 85.6 MPH)
|
Batting: RHB Josh O'Neal
|
0-0: Ball 1-0: Foul Ball, location: 2F 1-1: Called Strike 1-2: Ground out 6-3 (Groundball, 6, EV 92.5 MPH)
|
Batting: LHB William Warren
|
0-0: Ball 1-0: Called Strike 1-1: DOUBLE (Flyball, 5D, EV 90.6 MPH)
|
Batting: RHB Emmanuel Thomas
|
0-0: Ground out 5-3 (Groundball, 56S, EV 85.0 MPH)
|
Top of the 7th over - 0 runs, 1 hit, 0 errors, 1 left on base; Clinton 7 - Greenville 0 |
BOTTOM OF THE 7TH |
Greenville Drive batting - Pitching for Clinton LumberKings : LHP Chan-u Lee
|
Batting: RHB Mike Cavagnaro
|
0-0: Ground out 2-3 (Groundball, 2R, EV 72.5 MPH)
|
Batting: RHB Adugna Chandu
|
0-0: Ball 1-0: DOUBLE (Groundball, 5L, EV 104.4 MPH)
|
Pitching: RHP Yic Chen
|
|
Batting: RHB Jose Diaz
|
0-0: Called Strike 0-1: Swinging Strike 0-2: Strikes out swinging
|
Batting: RHB Tommy Boudreaux
|
0-0: DOUBLE (Line Drive, 89XD, EV 104.4 MPH) Adugna Chandu scores
|
Batting: LHB Jarrett Mordecai
|
0-0: Called Strike 0-1: Foul Ball, location: 2F 0-2: Ball 1-2: Foul Ball, location: 2F 1-2: Ground out 3-1 (Groundball, 34S, EV 78.1 MPH)
|
Bottom of the 7th over - 1 run, 2 hits, 0 errors, 1 left on base; Clinton 7 - Greenville 1 |
TOP OF THE 8TH |
Clinton LumberKings batting - Pitching for Greenville Drive : LHP Jason Kell
|
Pitching: LHP Dave Martin
|
|
Batting: SHB Victor Rijos
|
0-0: Called Strike 0-1: Ground out 5-3 (Groundball, 5, EV 80.6 MPH)
|
Batting: LHB Brian Butler
|
0-0: Swinging Strike 0-1: Ball 1-1: Called Strike 1-2: Ball 2-2: Strikes out swinging
|
Batting: RHB Rick Ellis
|
0-0: Ground out 6-3 (Groundball, 56, EV 100.6 MPH)
|
Top of the 8th over - 0 runs, 0 hits, 0 errors, 0 left on base; Clinton 7 - Greenville 1 |
BOTTOM OF THE 8TH |
Greenville Drive batting - Pitching for Clinton LumberKings : RHP Yic Chen
|
Batting: LHB Parker Lowe
|
0-0: Ball 1-0: Called Strike 1-1: Ball 2-1: Foul Ball, location: 2F 2-2: Foul Ball, location: 2F 2-2: Foul Ball, location: 2F 2-2: Ball 3-2: Strikes out looking
|
Pinch Hitting: LHB Noel Young
|
0-0: Ball 1-0: Called Strike 1-1: Swinging Strike 1-2: Fly out, F8 (Flyball, 78D, EV 102.5 MPH)
|
Batting: RHB John Chiesa
|
0-0: Ball 1-0: Ball 2-0: Ball 3-0: Base on Balls
|
Batting: RHB Guillermo Quintero
|
0-0: Ball 1-0: Fly out, F4 (Flyball, 3D, EV 96.2 MPH)
|
Bottom of the 8th over - 0 runs, 0 hits, 0 errors, 1 left on base; Clinton 7 - Greenville 1 |
TOP OF THE 9TH |
Clinton LumberKings batting - Pitching for Greenville Drive : LHP Dave Martin
|
Now at 3B: Joel Vazquez
|
|
Batting: SHB Jose Castillo
|
0-0: Ball 1-0: Fly out, F9 (Flyball, 89M, EV 84.4 MPH)
|
Batting: LHB Jason Hopkins
|
0-0: Swinging Strike 0-1: Swinging Strike 0-2: Ground out 4-3 (Groundball, 4, EV 98.8 MPH)
|
Batting: RHB Josh Ruhl
|
0-0: Called Strike 0-1: Ball 1-1: Swinging Strike 1-2: Fly out, F9 (Flyball, 89D, EV 89.4 MPH)
|
Top of the 9th over - 0 runs, 0 hits, 0 errors, 0 left on base; Clinton 7 - Greenville 1 |
BOTTOM OF THE 9TH |
Greenville Drive batting - Pitching for Clinton LumberKings : RHP Yic Chen
|
Batting: RHB Mike Cavagnaro
|
0-0: Ball 1-0: Fly out, F7 (Line Drive, 7, EV 90.6 MPH)
|
Batting: RHB Adugna Chandu
|
0-0: Foul Ball, location: 2F 0-1: SINGLE (Groundball, 56D, EV 110.0 MPH)
|
Batting: RHB Jose Diaz
|
0-0: Fly out, F9 (Flyball, 9, EV 90.0 MPH)
|
Batting: RHB Tommy Boudreaux
|
0-0: Ball 1-0: Ground out U3 (Groundball, 3, EV 91.2 MPH)
|
Bottom of the 9th over - 0 runs, 1 hit, 0 errors, 1 left on base; Clinton 7 - Greenville 1 |
|